 Dungeon Crawl Stone Soup version 0.29.0-11-gd7f09526c8 (webtiles) character file.

Game seed: 3143361207927530471

3 Tirrikindir the Shield-Bearer (level 1, -1/16 HPs)
             Began as an Octopode Fighter on Sept 5, 2022.
             Slain by a jackal (2 damage)
             ... on level 1 of the Dungeon.
             The game lasted 00:00:37 (68 turns).

Tirrikindir the Shield-Bearer (Octopode Fighter)      Turns: 68, Time: 00:00:39

Health: -1/16      AC:  1    Str: 15    XL:     1   Next: 50%
Magic:  1/1        EV: 13    Int: 10    God:
Gold:   20         SH:  4    Dex: 11    Spells: 0/0 levels left

rFire   . . .      SeeInvis .   a - +0 long sword
rCold   . . .      Faith    .   b - +0 buckler
rNeg    . . .      Spirit   .   (helmet restricted)
rPois   .          Reflect  .   (no amulet)
rElec   .          Harm     .   (no ring)
rCorr   .          Rampage  .   (no ring)
Will    .....                   (no ring)
Stlth   ++........              (no ring)
HPRegen 0.05/turn               (no ring)
MPRegen 0.07/turn               (no ring)
                                (no ring)
                                (no ring)

@: no status effects
A: almost no armour, amphibious, 8 rings, camouflage 1, gelatinous body 1,
(nimble swimmer 1), tentacles
a: no special abilities


You were on level 1 of the Dungeon.
You visited 1 branch of the dungeon, and saw 1 of its levels.

You collected 20 gold pieces.

Inventory:

Hand Weapons
 a - a +0 long sword (weapon)
Missiles
 d - 3 poisoned darts (quivered)
Armour
 b - a +0 buckler (worn)
Potions
 c - a potion of might


   Skills:
 + Level 3.0 Fighting
 * Level 2.1 Long Blades
 + Level 3.0 Dodging
 + Level 0.2 Stealth
 + Level 3.0 Shields


You couldn't memorise any spells.
You didn't know any spells.
Your spell library was empty.

Dungeon Overview and Level Annotations

Branches:
Dungeon (1/15)

Altars:


Innate Abilities, Weirdness & Mutations

You cannot wear most types of armour.
You are amphibious.
You can wear up to eight rings at the same time.
Your skin changes colour to match your surroundings (Stealth+).
Your rubbery body absorbs attacks. (AC +1, EV +1)
((You are camouflaged when in or above water. (Stealth+)))
You have tentacles for arms and can constrict up to eight enemies at once.


Message History

The bat hits you. You block the jackal's attack.
You hit the jackal. You grab the jackal. Your squeeze misses the jackal.
The jackal is lightly wounded.
You constrict the jackal, but do no damage.
You block the bat's attack. The bat barely misses you. The jackal bites you.
The jackal barely misses you.
You hit the jackal but do no damage.
You squeeze the jackal, but do no damage.
The jackal is lightly wounded.
You constrict the jackal. The bat hits you but does no damage.
The jackal bites you. You block the bat's attack.
The jackal escapes!
The bat misses you. The jackal bites you.
* * * LOW HITPOINT WARNING * * *
The jackal attacks as you move away! The jackal misses you.
The jackal attacks as you move away! The jackal misses you.
The jackal bites you but does no damage.
The jackal attacks as you move away! You block the jackal's attack.
The jackal attacks as you move away! The jackal completely misses you.
The bat hits you.
* * * LOW HITPOINT WARNING * * *
The bat barely misses you. The bat hits you.
* * * LOW HITPOINT WARNING * * *
You slash the jackal!
You kill the jackal!
The bat closely misses you.
The jackal bites you but does no damage.
You barely miss the jackal. You grab the jackal.
You constrict the jackal, but do no damage.
The jackal bites you.
* * * LOW HITPOINT WARNING * * *
The jackal barely misses you.
The jackal bites you but does no damage.
The jackal closely misses you.
You completely miss the jackal. You grab the jackal.
You squeeze the jackal, but do no damage.
The jackal is heavily wounded.
You constrict the jackal.
You kill the jackal!
You constrict the jackal. The bat misses you. The jackal bites you.
You die...

#....≈≈≈~..##
#..~~~≈~~~.##.............
#.~~.~~~.~..#......g......
#..~~.~..~..##............
#...~.≈.~~..##.##........
#....~.~~...##.##......
#............#.b..##.#
##...........#†#.....####.#
#.......##..@h.....†......
#..##........##..###.......
#..###.#.....##....#...!...
#..#...###...##.##.#.......
#............##.# .#.......
#......##.###...# ........
#.........# .### #......#
#.......... .. ......#
............# ###


You could see a jackal and a bat.

Vanquished Creatures
  3 jackals (D:1)
  A rat (D:1)
4 creatures vanquished.

Notes
Turn   | Place    | Note
-------+----------+-------------------------------------------
     0 | D:1      | Tirrikindir the Octopode Fighter began the quest for the
                  | Orb.
     0 | D:1      | Reached XP level 1. HP: 16/16 MP: 1/1
    68 | D:1      | Slain by a jackal

Illustrated notes

Levels and vault maps discovered:
D:1:      dpeg_arrival_more_subterranean_lakeside_camping, layout_basic,
          chequers_ecumenical_altar_simple_redux

Action                   || total
-------------------------++-------
Melee: Long sword        ||    11
       Constrict         ||     5
       Tentacles         ||     2
Armor: Skin              ||     6
Dodge: Dodged            ||    19
Block: Buckler           ||     4
